 Dungeon Crawl Stone Soup version 0.22-a0-305-gd21a89c (webtiles) character file.

30786 tidbits the Covert (level 13, -2/101 HPs)
             Began as a Gnoll Assassin on Mar 29, 2018.
             Was a Priest of Cheibriados.
             Slain by a snapping turtle (16 damage)
             ... on level 3 of the Shoals.
             The game lasted 01:28:13 (5280 turns).

tidbits the Covert (Gnoll Assassin)                 Turns: 5280, Time: 01:28:13

Health: -2/101     AC: 19    Str: 21      XL:     13   Next: 53%
Magic:  0/39       EV: 20    Int: 25 (27) God:    Cheibriados [***...]
Gold:   289        SH:  7    Dex: 24 (25) Spells: 17/28 levels left

rFire    . . .     SeeInvis .   b - +3 morningstar (crush)
rCold    . . .     Gourm    .   D - +0 buckler
rNeg     . . .     Faith    .   B - +4 moon troll leather armour {Spirit, Regen++ MP+5}
rPois    .         Spirit   +   E - +0 helmet
rElec    .         Reflect  .   C - +1 cloak
rCorr    .         Harm     .   G - +0 pair of gloves
MR       .....                  F - +0 pair of boots
Stlth    +++++.....             (no amulet)
HPRegen  1.06/turn              U - +4 ring of protection
MPRegen  0.26/turn              A - ring of magical power

@: flying, slowed, very slow
A: distributed training, fangs 1, strong nose
a: Bend Time, Temporal Distortion, Renounce Religion


You were on level 3 of the Shoals.
You worshipped Cheibriados.
Cheibriados was most pleased with you.
You were not hungry.

You visited 5 branches of the dungeon, and saw 23 of its levels.
You visited the Abyss 1 time.

You collected 799 gold pieces.
You spent 510 gold pieces at shops.

Inventory:

Hand Weapons
 a - a +2 dagger
 b - a +3 morningstar of crushing (weapon)
   (You took it off Louise on level 2 of the Shoals)
 g - a +0 blowgun
 j - a +1 flail of crushing
   (You took it off an orc on level 9 of the Dungeon)
 M - a +0 broad axe
 P - a +2 long sword of draining
   (You found it on level 6 of the Dungeon)
 S - a +0 shortbow of freezing
   (You took it off a centaur on level 12 of the Dungeon)
Missiles
 h - 41 stones
 v - 3 steel tomahawks
 O - 7 tomahawks (quivered)
 Q - 333 arrows
Armour
 s - a +1 hat
 B - the +4 moon troll leather armour (worn) {Spirit, Regen++ MP+5}
   (You found it on level 5 of the Dungeon)

   It affects your magic capacity (+5).
   It increases your rate of regeneration.
 C - a +1 cloak (worn)
 D - a +0 buckler (worn)
 E - a +0 helmet (worn)
 F - a +0 pair of boots (worn)
 G - a +0 pair of gloves (worn)
Magical Staves
 e - an uncursed staff of energy {!a}
   (You found it on level 1 of the Shoals)
 L - an uncursed staff of conjuration {!a}
   (You found it on level 2 of the Abyss)
 T - an uncursed staff of summoning
   (You found it on level 12 of the Dungeon)
 Y - an uncursed staff of poison
   (You found it on level 10 of the Dungeon)
 Z - an uncursed staff of cold
   (You found it on level 1 of the Lair of Beasts)
Jewellery
 p - an uncursed ring of ice
   (You took it off Fannar on level 3 of the Lair of Beasts)
 x - an uncursed ring of protection from cold
   (You found it on level 6 of the Dungeon)
 A - a ring of magical power (right hand)
   (You found it on level 2 of the Abyss)
 I - an uncursed ring of see invisible
   (You found it on level 1 of the Dungeon)
 K - an uncursed ring of resist corrosion
   (You found it on level 3 of the Lair of Beasts)
 R - an uncursed ring of stealth
   (You found it on level 10 of the Dungeon)
 U - a +4 ring of protection (left hand)
   (You found it on level 11 of the Dungeon)
Wands
 d - a wand of digging (11)
 w - a wand of flame (12)
 N - a wand of polymorph (4)
Scrolls
 i - a scroll of identify
 l - a scroll of vulnerability
 m - 4 scrolls of enchant weapon
 q - a scroll of magic mapping
 r - 7 scrolls of remove curse
 t - 5 scrolls of teleportation
 y - a scroll of amnesia
 H - a scroll of fog
Potions
 f - 4 potions of curing
 o - a potion of flight
 u - a potion of ambrosia
 z - 2 potions of cancellation
 J - 2 potions of berserk rage
 V - a potion of resistance
 W - a potion of might
 X - 2 potions of brilliance
Comestibles
 c - 18 rations


   Skills:
 + Level 9.5 Fighting
 + Level 9.5 Short Blades
 + Level 8.2 Long Blades
 + Level 8.2 Axes
 + Level 8.2 Maces & Flails
 + Level 8.2 Polearms
 + Level 8.2 Staves
 + Level 8.2 Slings
 + Level 8.2 Bows
 + Level 8.2 Crossbows
 + Level 9.5 Throwing
 + Level 8.2 Armour
 + Level 8.7 Dodging
 + Level 11.2 Stealth
 + Level 8.2 Shields
 + Level 8.2 Unarmed Combat
 + Level 8.2 Spellcasting
 + Level 6.8 Conjurations
 + Level 6.8 Hexes
 + Level 6.8 Charms
 + Level 6.8 Summonings
 + Level 6.8 Necromancy
 + Level 6.8 Translocations
 + Level 6.8 Transmutations
 + Level 6.8 Fire Magic
 + Level 6.8 Ice Magic
 + Level 6.8 Air Magic
 + Level 6.8 Earth Magic
 + Level 6.8 Poison Magic
 + Level 9.0 Invocations
 + Level 8.2 Evocations


You had 17 spell levels left.
You knew the following spells:

 Your Spells              Type           Power        Failure   Level  Hunger
i - Throw Icicle          Conj/Ice       #####...     3%          4    ##.....
o - Ozocubu's Armour      Chrm/Ice       #####...     1%          3    None
x - Summon Ice Beast      Ice/Summ       #####...     3%          4    ##.....


Dungeon Overview and Level Annotations

Branches:
Dungeon (13/15)            Temple (1/1) D:5            Lair (4/6) D:9
 Shoals (4/4) Lair:3       Spider (1/4) Lair:3
    Orc: D:9-12      Vaults: D:13-14

Altars:
Ashenzari
Cheibriados
Dithmenos
Elyvilon
Fedhas
Gozag
Hepliaklqana
Kikubaaqudgha
Nemelex Xobeh
Okawaru
Qazlal
Uskayaw
Vehumet
Wu Jian
Xom

Shops:
D:9 [!

Annotations:
D:9 exclusions: ice statue and orange crystal statue


Innate Abilities, Weirdness & Mutations

Your experience applies equally to all skills.
You have very sharp teeth.
Your uncanny sense of smell can sniff out nearby items.


Message History

Unknown command.
Unknown command.
As you read the scroll of fog, it crumbles to dust.
The scroll dissolves into smoke.
The snapping turtle completely misses you.
The faun shoots a stone.
The stone hits you but does no damage.
The merfolk avatar chants its luring song.
The snapping turtle bites you but does no damage.
Unknown command.
You are confused.
You feel invigorated.
The merfolk avatar chants its luring song.
The snapping turtle bites you from afar!
* * * LOW HITPOINT WARNING * * *
The merfolk avatar chants its luring song.
Unknown command.
The snapping turtle misses you.
The faun gestures at you while chanting.
You feel as though you will be slow longer.
The merfolk avatar chants its luring song.
The snapping turtle bites you but does no damage.
You feel less invigorated.
You feel less confused.
The merfolk avatar chants its luring song.
The snapping turtle bites you but does no damage.
The merfolk avatar chants its luring song.
The snapping turtle bites you from afar!
* * * LOW HITPOINT WARNING * * *
The snapping turtle bites you but does no damage.
Unknown command.
The faun unwields an uncursed hunting sling.
The faun wields an uncursed spear.
The faun closely misses you.
The merfolk avatar chants its luring song.
The snapping turtle bites you from afar.
* * * LOW HITPOINT WARNING * * *
The faun gestures at you while chanting.
You resist with significant effort.
Unknown command.
Evoke which item? (* to show all) (? for menu, Esc to quit)
Aiming: Throw Flame
Press: ? - help, Shift-Dir - straight line, f/p - merfolk avatar
Aim: a merfolk avatar (blue smoke, water, severely wounded, mesmerising)
The puff of flame hits the merfolk avatar.
The merfolk avatar is almost dead.
The snapping turtle misses you.
The merfolk avatar chants its luring song.
The faun misses you.
The snapping turtle bites you but does no damage.
Press: ? - help, v - describe, . - travel
Here: a faun, wielding a spear (blue smoke)
The floor.
Unknown command.
The flow of time bends around you.
The faun resists with some effort.
Cheibriados rebukes the merfolk avatar.
The merfolk avatar seems to slow down.
You feel slightly more hungry. The faun hits you but does no damage.
You block the snapping turtle's attack.
The merfolk avatar chants its luring song.
The faun misses you.
Unknown command.
You impale the merfolk avatar!!
You break out of your daze!
You kill the merfolk avatar!
Cheibriados appreciates the change of pace.
The snapping turtle bites you but does no damage.
The faun hits you but does no damage.
The snapping turtle completely misses you.
You hit the faun. You bite the faun.
The faun is lightly wounded.
The faun closely misses you. The snapping turtle barely misses you.
The faun completely misses you. You block the snapping turtle's attack.
You impale the faun!!
The faun is heavily wounded.
The faun casts a spell at you.
You feel as though you will be slow longer.
The snapping turtle misses you.
A manticore comes into view.
Your icy armour cracks and falls away as you move.
The faun completely misses you. The snapping turtle barely misses you.
The faun gestures at you while chanting.
You resist with significant effort. The snapping turtle bites you!
* * * LOW HITPOINT WARNING * * *
The faun gestures at you while chanting.
You resist with significant effort.
Unknown command.
You barely miss the faun.
The faun is heavily wounded.
You block the snapping turtle's attack. The faun barely misses you.
The snapping turtle bites you.
* * * LOW HITPOINT WARNING * * *
Unknown command.
You closely miss the faun.
The faun is heavily wounded.
The faun hits you with an uncursed spear!
* * * LOW HITPOINT WARNING * * *
The snapping turtle bites you!!
* * * LOW HITPOINT WARNING * * *
The faun hits you but does no damage.
Unknown command.
You feel better. The snapping turtle bites you!!
You die...

≈≈≈≈≈≈≈≈≈...........≈≈≈≈≈
≈≈≈≈≈≈≈≈≈..≈≈≈≈≈≈≈≈≈≈≈≈≈≈
≈≈≈≈≈≈≈≈≈≈≈≈≈≈≈≈≈≈≈≈≈≈≈≈≈
≈≈≈≈≈≈≈≈≈≈≈≈≈≈≈≈≈≈≈≈≈≈≈≈H
≈≈≈≈≈≈≈≈≈≈≈≈≈≈≈≈≈≈≈≈≈≈≈≈≈
≈≈.≈≈≈≈≈≈≈≈...≈≈≈≈≈≈≈≈≈≈≈
≈≈≈...≈≈≈≈≈)..≈≈≈§≈≈≈≈H≈≈
≈..≈..≈≈≈).##.≈t§(§≈≈≈≈≈≈
≈≈.≈.≈≈≈..####(.@c..≈≈≈≈≈
≈≈≈≈≈≈≈...###(##.....≈≈≈≈
≈≈≈≈≈≈...###.....###..≈≈.
≈≈≈≈≈≈≈..# ##....# #.≈≈≈
≈≈≈≈≈≈≈..# #..(.# .≈≈≈
≈≈≈≈≈≈≈..# #.(..##.. ..≈
≈≈≈≈≈≈≈... #(.....# .$
≈≈≈≈≈≈... #))..### ∆
#((###


You could see a snapping turtle, a faun and a manticore (wandering).

Vanquished Creatures
  An Executioner (Abyss:2)
  Louise (Shoals:2)
  Fannar (Lair:3)
  2 hydras
  A merfolk avatar (Shoals:3)
  A satyr (Shoals:3)
  A dancing weapon (D:12)
  3 two-headed ogres
  2 wretched stars (Abyss:2)
  An unseen horror (D:10)
  Pikel (D:5)
  3 harpies (Shoals:2)
  An orb spider (Spider:1)
  2 wolf spiders
  A deep elf mage (D:12)
  2 fauns (Shoals:3)
  A manticore (Shoals:4)
  2 merfolk sirens
  A water nymph (Shoals:3)
  A black mamba (Lair:3)
  4 spiny frogs (Lair:2)
  An orange demon (Abyss:2)
  A troll (D:10)
  4 merfolk
  A polar bear (Lair:1)
  A hornet (D:8)
  Prince Ribbit (D:9)
  A queen bee (Lair:2)
  5 blink frogs
  A wind drake (Shoals:2)
  3 hippogriffs
  4 snapping turtles
  A large abomination (Abyss:2)
  3 redbacks (Spider:1)
  A wraith (Abyss:2)
  3 water elementals
  7 yaks
  2 tarantellas (Spider:1)
  A hungry ghost (D:12)
  Menkaure (D:5)
  A neqoxec (Abyss:2)
  A small abomination (Abyss:2)
  2 water moccasins
  4 porcupines
  2 orc warriors
  An ice beast (D:7)
  A slave (D:5)
  4 sky beasts
  An eye of draining (D:9)
  7 centaurs
  3 ogres
  4 phantoms
  2 crocodiles (Lair:1)
  7 bullfrogs
  2 big kobolds
  A scorpion (D:7)
  15 killer bees (Lair:2)
  4 howler monkeys
  An electric eel (D:10)
  4 crimson imps
  2 quasits (D:12)
  6 orc wizards
  5 hounds
  A bullfrog skeleton (D:4)
  5 orc priests
  5 jellies
  An iguana (D:4)
  4 worker ants
  A howler monkey zombie (D:10)
  A howler monkey skeleton (D:10)
  11 adders
  4 shadow imps
  6 oozes
  An adder zombie (D:9)
  A worm (D:4)
  3 leopard geckos
  24 orcs
  2 bats
  3 giant cockroaches
  A goblin (D:1)
  5 hobgoblins
  4 jackals
  A quokka (D:10)
  A ball python (D:5)
  A frilled lizard (D:5)
  12 kobolds
  A leopard gecko skeleton (D:4)
  A rat (D:3)
255 creatures vanquished.

Vanquished Creatures (collateral kills)
  A merfolk avatar (Shoals:4)
  A merfolk aquamancer (Shoals:3)
  A merfolk siren (Shoals:2)
  2 water elementals (Shoals:3)
  2 yaks (Lair:3)
  A basilisk (Lair:2)
  A fungus (Lair:3)
9 creatures vanquished.

Vanquished Creatures (others)
  A phantom (D:5)
  2 fungi
  A plant (Lair:3)
4 creatures vanquished.

Grand Total: 268 creatures vanquished

Notes
Turn   | Place    | Note
-------+----------+-------------------------------------------
     0 | D:1      | tidbits the Gnoll Assassin began the quest for the Orb.
     0 | D:1      | Reached XP level 1. HP: 20/20 MP: 1/1
    96 | D:2      | Reached XP level 2. HP: 26/26 MP: 2/2
   233 | D:2      | Reached XP level 3. HP: 25/31 MP: 3/3
   375 | D:3      | Reached skill level 1 in Invocations
   408 | D:4      | Reached skill level 1 in Long Blades
   408 | D:4      | Reached skill level 1 in Axes
   408 | D:4      | Reached skill level 1 in Maces & Flails
   408 | D:4      | Reached skill level 1 in Polearms
   408 | D:4      | Reached skill level 1 in Staves
   408 | D:4      | Reached skill level 1 in Slings
   408 | D:4      | Reached skill level 1 in Bows
   408 | D:4      | Reached skill level 1 in Crossbows
   408 | D:4      | Reached skill level 1 in Armour
   408 | D:4      | Reached skill level 1 in Shields
   408 | D:4      | Reached skill level 1 in Unarmed Combat
   408 | D:4      | Reached skill level 1 in Spellcasting
   408 | D:4      | Reached skill level 1 in Evocations
   447 | D:4      | Reached XP level 4. HP: 12/38 MP: 5/5
   472 | D:5      | Entered Level 5 of the Dungeon
   477 | D:5      | Found a staircase to the Ecumenical Temple.
   489 | Temple   | Entered the Ecumenical Temple
   563 | Temple   | Became a worshipper of Cheibriados the Contemplative
   614 | D:4      | Reached skill level 1 in Conjurations
   614 | D:4      | Reached skill level 1 in Hexes
   614 | D:4      | Reached skill level 1 in Charms
   614 | D:4      | Reached skill level 1 in Summonings
   614 | D:4      | Reached skill level 1 in Necromancy
   614 | D:4      | Reached skill level 1 in Translocations
   614 | D:4      | Reached skill level 1 in Transmutations
   614 | D:4      | Reached skill level 1 in Fire Magic
   614 | D:4      | Reached skill level 1 in Ice Magic
   614 | D:4      | Reached skill level 1 in Air Magic
   614 | D:4      | Reached skill level 1 in Earth Magic
   614 | D:4      | Reached skill level 1 in Poison Magic
   630 | D:4      | Reached XP level 5. HP: 39/43 MP: 6/6
   732 | D:5      | Noticed a sky beast
   739 | D:5      | Killed a sky beast
   739 | D:5      | Reached skill level 3 in Dodging
   739 | D:5      | Reached skill level 8 in Stealth
   739 | D:5      | Reached XP level 6. HP: 50/50 MP: 8/8
   756 | D:5      | Reached skill level 5 in Fighting
   756 | D:5      | Reached skill level 5 in Short Blades
   756 | D:5      | Reached skill level 5 in Throwing
   756 | D:5      | Reached skill level 2 in Invocations
   766 | D:5      | Reached skill level 2 in Long Blades
   766 | D:5      | Reached skill level 2 in Axes
   766 | D:5      | Reached skill level 2 in Maces & Flails
   766 | D:5      | Reached skill level 2 in Polearms
   766 | D:5      | Reached skill level 2 in Staves
   766 | D:5      | Reached skill level 2 in Slings
   766 | D:5      | Reached skill level 2 in Bows
   766 | D:5      | Reached skill level 2 in Crossbows
   766 | D:5      | Reached skill level 2 in Armour
   766 | D:5      | Reached skill level 2 in Shields
   766 | D:5      | Reached skill level 2 in Unarmed Combat
   766 | D:5      | Reached skill level 2 in Spellcasting
   766 | D:5      | Reached skill level 2 in Evocations
   767 | D:5      | Noticed a sky beast
   792 | D:5      | Killed a sky beast
   792 | D:5      | Reached XP level 7. HP: 41/56 MP: 10/10
   832 | D:5      | Found the +4 moon troll leather armour {Spirit, Regen++ MP+5}
  1099 | D:5      | Reached * piety under Cheibriados
  1103 | D:5      | Noticed Pikel
  1112 | D:5      | Noticed Menkaure
  1114 | D:5      | Killed Pikel
  1114 | D:5      | Reached skill level 3 in Long Blades
  1114 | D:5      | Reached skill level 3 in Axes
  1114 | D:5      | Reached skill level 3 in Maces & Flails
  1114 | D:5      | Reached skill level 3 in Polearms
  1114 | D:5      | Reached skill level 3 in Staves
  1114 | D:5      | Reached skill level 3 in Slings
  1114 | D:5      | Reached skill level 3 in Bows
  1114 | D:5      | Reached skill level 3 in Crossbows
  1114 | D:5      | Reached skill level 3 in Armour
  1114 | D:5      | Reached skill level 4 in Dodging
  1114 | D:5      | Reached skill level 3 in Shields
  1114 | D:5      | Reached skill level 3 in Unarmed Combat
  1114 | D:5      | Reached skill level 3 in Spellcasting
  1114 | D:5      | Reached skill level 2 in Conjurations
  1114 | D:5      | Reached skill level 2 in Hexes
  1114 | D:5      | Reached skill level 2 in Charms
  1114 | D:5      | Reached skill level 2 in Summonings
  1114 | D:5      | Reached skill level 2 in Necromancy
  1114 | D:5      | Reached skill level 2 in Translocations
  1114 | D:5      | Reached skill level 2 in Transmutations
  1114 | D:5      | Reached skill level 2 in Fire Magic
  1114 | D:5      | Reached skill level 2 in Ice Magic
  1114 | D:5      | Reached skill level 2 in Air Magic
  1114 | D:5      | Reached skill level 2 in Earth Magic
  1114 | D:5      | Reached skill level 2 in Poison Magic
  1114 | D:5      | Reached skill level 3 in Invocations
  1114 | D:5      | Reached skill level 3 in Evocations
  1114 | D:5      | Reached XP level 8. HP: 63/63 MP: 12/12
  1134 | D:5      | Killed Menkaure
  1381 | D:7      | Got an iridescent hand axe
  1552 | D:8      | Reached skill level 3 in Conjurations
  1552 | D:8      | Reached skill level 3 in Hexes
  1552 | D:8      | Reached skill level 3 in Charms
  1552 | D:8      | Reached skill level 3 in Summonings
  1552 | D:8      | Reached skill level 3 in Necromancy
  1552 | D:8      | Reached skill level 3 in Translocations
  1552 | D:8      | Reached skill level 3 in Transmutations
  1552 | D:8      | Reached skill level 3 in Fire Magic
  1552 | D:8      | Reached skill level 3 in Ice Magic
  1552 | D:8      | Reached skill level 3 in Air Magic
  1552 | D:8      | Reached skill level 3 in Earth Magic
  1552 | D:8      | Reached skill level 3 in Poison Magic
  1552 | D:8      | Reached skill level 4 in Invocations
  1577 | D:8      | Noticed a hornet
  1582 | D:8      | Killed a hornet
  1582 | D:8      | Reached skill level 6 in Fighting
  1582 | D:8      | Reached skill level 6 in Short Blades
  1582 | D:8      | Reached skill level 6 in Throwing
  1582 | D:8      | Reached XP level 9. HP: 69/69 MP: 14/14
  1601 | D:9      | Found a blossoming altar of Fedhas.
  1643 | D:8      | Identified the +4 hand axe of the Scorpion {speed, rC+} (You found it on level 7 of the Dungeon)
  1690 | D:10     | Entered Level 10 of the Dungeon
  1690 | D:10     | Noticed a troll
  1692 | D:10     | Killed a troll
  1692 | D:10     | Reached skill level 4 in Long Blades
  1692 | D:10     | Reached skill level 4 in Axes
  1692 | D:10     | Reached skill level 4 in Maces & Flails
  1692 | D:10     | Reached skill level 4 in Polearms
  1692 | D:10     | Reached skill level 4 in Staves
  1692 | D:10     | Reached skill level 4 in Slings
  1692 | D:10     | Reached skill level 4 in Bows
  1692 | D:10     | Reached skill level 4 in Crossbows
  1692 | D:10     | Reached skill level 4 in Armour
  1692 | D:10     | Reached skill level 4 in Shields
  1692 | D:10     | Reached skill level 4 in Unarmed Combat
  1692 | D:10     | Reached skill level 4 in Spellcasting
  1692 | D:10     | Reached skill level 4 in Evocations
  1734 | D:9      | Found Iryawk's Armour Boutique.
  1768 | D:9      | Noticed Prince Ribbit
  1770 | D:9      | Killed Prince Ribbit
  1770 | D:9      | Reached ** piety under Cheibriados
  1770 | D:9      | Reached skill level 5 in Dodging
  1776 | D:9      | Reached skill level 9 in Stealth
  1884 | D:9      | Found a hide-covered altar of Uskayaw.
  1884 | D:9      | Noticed a dagger
  1885 | D:9      | Noticed a hand axe
  1895 | D:9      | Noticed a two-headed ogre
  1901 | D:9      | Killed a two-headed ogre
  1901 | D:9      | Reached skill level 4 in Conjurations
  1901 | D:9      | Reached skill level 4 in Hexes
  1901 | D:9      | Reached skill level 4 in Charms
  1901 | D:9      | Reached skill level 4 in Summonings
  1901 | D:9      | Reached skill level 4 in Necromancy
  1901 | D:9      | Reached skill level 4 in Translocations
  1901 | D:9      | Reached skill level 4 in Transmutations
  1901 | D:9      | Reached skill level 4 in Fire Magic
  1901 | D:9      | Reached skill level 4 in Ice Magic
  1901 | D:9      | Reached skill level 4 in Air Magic
  1901 | D:9      | Reached skill level 4 in Earth Magic
  1901 | D:9      | Reached skill level 4 in Poison Magic
  1901 | D:9      | Reached skill level 5 in Invocations
  1901 | D:9      | Reached XP level 10. HP: 53/77 MP: 13/17
  1916 | D:9      | Found a staircase to the Lair.
  1926 | D:9      | Found Waenuj's Distillery.
  1931 | D:9      | Bought a potion of curing for 45 gold pieces
  1931 | D:9      | Bought a potion of heal wounds for 75 gold pieces
  1931 | D:9      | Bought a potion of agility for 60 gold pieces
  1931 | D:9      | Bought a potion of ambrosia for 120 gold pieces
  2215 | D:12     | Noticed a two-headed ogre
  2218 | D:12     | Killed a two-headed ogre
  2218 | D:12     | Reached skill level 5 in Long Blades
  2218 | D:12     | Reached skill level 5 in Axes
  2218 | D:12     | Reached skill level 5 in Maces & Flails
  2218 | D:12     | Reached skill level 5 in Polearms
  2218 | D:12     | Reached skill level 5 in Staves
  2218 | D:12     | Reached skill level 5 in Slings
  2218 | D:12     | Reached skill level 5 in Bows
  2218 | D:12     | Reached skill level 5 in Crossbows
  2218 | D:12     | Reached skill level 5 in Armour
  2218 | D:12     | Reached skill level 5 in Shields
  2218 | D:12     | Reached skill level 5 in Unarmed Combat
  2218 | D:12     | Reached skill level 5 in Spellcasting
  2218 | D:12     | Reached skill level 5 in Evocations
  2225 | D:13     | Noticed a centaur warrior
  2251 | D:12     | Reached *** piety under Cheibriados
  2253 | D:12     | Reached skill level 7 in Fighting
  2253 | D:12     | Reached skill level 7 in Short Blades
  2253 | D:12     | Reached skill level 7 in Throwing
  2474 | D:12     | Reached skill level 6 in Dodging
  2497 | D:12     | Noticed a phantasmal warrior
  2500 | D:12     | Noticed a death knight
  2616 | D:12     | Noticed a deep elf mage
  2632 | D:12     | Reached skill level 6 in Invocations
  2639 | D:12     | Killed a deep elf mage
  2672 | D:12     | Reached **** piety under Cheibriados
  2686 | D:13     | Noticed an enchanted long sword
  2715 | D:12     | Killed an enchanted long sword
  2715 | D:12     | Reached XP level 11. HP: 40/84 MP: 10/19
  3004 | D:10     | Noticed a two-headed ogre
  3015 | D:10     | Killed a two-headed ogre
  3015 | D:10     | Reached skill level 6 in Long Blades
  3015 | D:10     | Reached skill level 6 in Axes
  3015 | D:10     | Reached skill level 6 in Maces & Flails
  3015 | D:10     | Reached skill level 6 in Polearms
  3015 | D:10     | Reached skill level 6 in Staves
  3015 | D:10     | Reached skill level 6 in Slings
  3015 | D:10     | Reached skill level 6 in Bows
  3015 | D:10     | Reached skill level 6 in Crossbows
  3015 | D:10     | Reached skill level 6 in Armour
  3015 | D:10     | Reached skill level 6 in Shields
  3015 | D:10     | Reached skill level 6 in Unarmed Combat
  3015 | D:10     | Reached skill level 6 in Spellcasting
  3015 | D:10     | Reached skill level 5 in Conjurations
  3015 | D:10     | Reached skill level 5 in Hexes
  3015 | D:10     | Reached skill level 5 in Charms
  3015 | D:10     | Reached skill level 5 in Summonings
  3015 | D:10     | Reached skill level 5 in Necromancy
  3015 | D:10     | Reached skill level 5 in Translocations
  3015 | D:10     | Reached skill level 5 in Transmutations
  3015 | D:10     | Reached skill level 5 in Fire Magic
  3015 | D:10     | Reached skill level 5 in Ice Magic
  3015 | D:10     | Reached skill level 5 in Air Magic
  3015 | D:10     | Reached skill level 5 in Earth Magic
  3015 | D:10     | Reached skill level 5 in Poison Magic
  3015 | D:10     | Reached skill level 6 in Evocations
  3053 | D:9      | Noticed an orange crystal statue
  3080 | D:10     | Noticed an unseen horror
  3085 | D:10     | Killed an unseen horror
  3171 | D:9      | Bought a potion of curing for 45 gold pieces
  3171 | D:9      | Bought a potion of flight for 45 gold pieces
  3171 | D:9      | Bought a potion of cancellation for 120 gold pieces
  3296 | Lair:1   | Entered Level 1 of the Lair of Beasts
  3312 | Lair:1   | Reached skill level 10 in Stealth
  3367 | Lair:1   | Reached skill level 7 in Invocations
  3378 | Lair:1   | Reached ***** piety under Cheibriados
  3394 | Lair:1   | Reached skill level 8 in Fighting
  3394 | Lair:1   | Reached skill level 8 in Short Blades
  3394 | Lair:1   | Reached skill level 8 in Throwing
  3394 | Lair:1   | Reached skill level 7 in Dodging
  3452 | Lair:1   | Learned a level 3 spell: Ozocubu's Armour
  3457 | Lair:1   | Learned a level 4 spell: Summon Ice Beast
  3558 | Lair:1   | You fall through a shaft!
  3672 | Lair:2   | Reached XP level 12. HP: 93/93 MP: 22/22
  3752 | Lair:3   | Noticed a five-headed hydra
  3757 | Lair:3   | Noticed a seven-headed hydra
  3766 | Lair:3   | Killed a seven-headed hydra
  3971 | Lair:2   | Reached skill level 7 in Long Blades
  3971 | Lair:2   | Reached skill level 7 in Axes
  3971 | Lair:2   | Reached skill level 7 in Maces & Flails
  3971 | Lair:2   | Reached skill level 7 in Polearms
  3971 | Lair:2   | Reached skill level 7 in Staves
  3971 | Lair:2   | Reached skill level 7 in Slings
  3971 | Lair:2   | Reached skill level 7 in Bows
  3971 | Lair:2   | Reached skill level 7 in Crossbows
  3971 | Lair:2   | Reached skill level 7 in Armour
  3971 | Lair:2   | Reached skill level 7 in Shields
  3971 | Lair:2   | Reached skill level 7 in Unarmed Combat
  3971 | Lair:2   | Reached skill level 7 in Spellcasting
  3971 | Lair:2   | Reached skill level 7 in Evocations
  4052 | Lair:2   | Killed a five-headed hydra
  4095 | Lair:3   | Noticed Fannar
  4096 | Lair:3   | Found a hole to the Spider Nest.
  4127 | Lair:3   | Killed Fannar
  4138 | Spider:1 | Entered Level 1 of the Spider Nest
  4163 | Spider:1 | Learned a level 4 spell: Throw Icicle
  4215 | Spider:1 | Reached skill level 6 in Conjurations
  4215 | Spider:1 | Reached skill level 6 in Hexes
  4215 | Spider:1 | Reached skill level 6 in Charms
  4215 | Spider:1 | Reached skill level 6 in Summonings
  4215 | Spider:1 | Reached skill level 6 in Necromancy
  4215 | Spider:1 | Reached skill level 6 in Translocations
  4215 | Spider:1 | Reached skill level 6 in Transmutations
  4215 | Spider:1 | Reached skill level 6 in Fire Magic
  4215 | Spider:1 | Reached skill level 6 in Ice Magic
  4215 | Spider:1 | Reached skill level 6 in Air Magic
  4215 | Spider:1 | Reached skill level 6 in Earth Magic
  4215 | Spider:1 | Reached skill level 6 in Poison Magic
  4231 | Spider:1 | Reached skill level 8 in Invocations
  4307 | Lair:3   | Found a staircase to the Shoals.
  4358 | Shoals:1 | Entered Level 1 of the Shoals
  4463 | Shoals:2 | Reached skill level 8 in Dodging
  4564 | Shoals:2 | Noticed Louise
  4587 | Shoals:2 | Reached skill level 9 in Fighting
  4587 | Shoals:2 | Reached skill level 9 in Short Blades
  4587 | Shoals:2 | Reached skill level 9 in Throwing
  4603 | Shoals:2 | Cast into level 2 of the Abyss (Louise)
  4683 | Abyss:2  | Noticed an eidolon
  4737 | Abyss:2  | Noticed a bone dragon
  4743 | Abyss:2  | Found a sacrificial altar of Ru.
  4774 | Abyss:2  | Noticed a wretched star
  4798 | Abyss:2  | Killed a wretched star
  4798 | Abyss:2  | Reached XP level 13. HP: 46/80 MP: 2/17
  4817 | Abyss:2  | Noticed a great orb of eyes
  4851 | Abyss:2  | Noticed an Executioner
  4882 | Abyss:2  | Killed an Executioner
  4906 | Abyss:2  | Reached skill level 11 in Stealth
  4958 | Shoals:2 | Escaped the Abyss
  4975 | Shoals:2 | Killed Louise
  4975 | Shoals:2 | Reached skill level 8 in Long Blades
  4975 | Shoals:2 | Reached skill level 8 in Axes
  4975 | Shoals:2 | Reached skill level 8 in Maces & Flails
  4975 | Shoals:2 | Reached skill level 8 in Polearms
  4975 | Shoals:2 | Reached skill level 8 in Staves
  4975 | Shoals:2 | Reached skill level 8 in Slings
  4975 | Shoals:2 | Reached skill level 8 in Bows
  4975 | Shoals:2 | Reached skill level 8 in Crossbows
  4975 | Shoals:2 | Reached skill level 8 in Armour
  4975 | Shoals:2 | Reached skill level 8 in Shields
  4975 | Shoals:2 | Reached skill level 8 in Unarmed Combat
  4975 | Shoals:2 | Reached skill level 8 in Spellcasting
  4975 | Shoals:2 | Reached skill level 8 in Evocations
  5021 | Shoals:3 | Noticed a merfolk javelineer
  5047 | Shoals:4 | Entered Level 4 of the Shoals
  5234 | Shoals:3 | Reached skill level 9 in Invocations
  5235 | Shoals:3 | HP: 6/101 [faun/uncursed club[a satyr] (16)]
  5240 | Shoals:3 | HP: 6/101 [faun/spear[a satyr] (11)]
  5258 | Shoals:3 | HP: 5/101 [drowned by a drowned soul[a merfolk avatar] (8)]
  5260 | Shoals:3 | HP: 2/101 [drowned by a drowned soul[a merfolk avatar] (11)]
  5279 | Shoals:3 | HP: 3/101 [snapping turtle (17)]
  5280 | Shoals:3 | Slain by a snapping turtle

Vault maps used:
D:1:      dpeg_arrival_pond
D:2:      overflow_temple_1_default, minivault_23
D:3:      uniq_ijyb
D:4:      first_ration
D:5:      minmay_temple_entry_overgrown, uniq_menkaure, uniq_pikel
D:6:      grunt_temple_overflow_holy_war, gammafunk_temple_overflow_elements
D:9:      minmay_separated_statues, dancing_weapons_uskayaw,
          overflow_temple_1_default, lair_entry_dummy, serial_shops, shop,
          nicolae_shop_stone, hangedman_little_slice_of_home,
          uniq_prince_ribbit1
D:10:     minmay_crystal_water, minmay_misc_feat_room
D:12:     nooodl_glass_maze, orc_0_dummy, minmay_misc_feat_nine_boxes
D:13:     erik_vaults_1, special_room, minmay_misc_feat_hallway, glass_columns_a
Temple:   regret_index_temple_generic_petals
Lair:1:   infiniplex_staircase_pool_2, grunt_megastairs_4
Lair:2:   special_room, infiniplex_staircase_pool, grunt_megastairs_1
Lair:3:   elwin_shoals_entry_stream, spider_nest_entry_rubble,
          serial_bayou_shore_b, uniq_snorg, uniq_rupert, uniq_fannar
Lair:4:   serial_bayou_shore_a
Shoals:1: nicolae_shoals_c_island
Shoals:2: cheibrodos_shoals_roost, uniq_louise
Shoals:3: nicolae_shoals_island_circles
Shoals:4: shoals_end_hangedman, shoals_ilsuiw_ice, serial_shops,
          nicolae_shop_trees, uniq_ilsuiw, uniq_mara

Skill      XL: |  1  2  3  4  5  6  7  8  9 10 11 12 13 |
---------------+----------------------------------------+-----
Invocations    | 1 2 3 4 5 6 7 8 9 |  9.0
Long Blades    | 1 2 3 4 5 6 7 8 |  8.2
Axes           | 1 2 3 4 5 6 7 8 |  8.2
Maces & Flails | 1 2 3 4 5 6 7 8 |  8.2
Polearms       | 1 2 3 4 5 6 7 8 |  8.2
Staves         | 1 2 3 4 5 6 7 8 |  8.2
Slings         | 1 2 3 4 5 6 7 8 |  8.2
Bows           | 1 2 3 4 5 6 7 8 |  8.2
Crossbows      | 1 2 3 4 5 6 7 8 |  8.2
Armour         | 1 2 3 4 5 6 7 8 |  8.2
Shields        | 1 2 3 4 5 6 7 8 |  8.2
Unarmed Combat | 1 2 3 4 5 6 7 8 |  8.2
Spellcasting   | 1 2 3 4 5 6 7 8 |  8.2
Evocations     | 1 2 3 4 5 6 7 8 |  8.2
Conjurations   | 1 2 3 4 5 6 |  6.8
Hexes          | 1 2 3 4 5 6 |  6.8
Charms         | 1 2 3 4 5 6 |  6.8
Summonings     | 1 2 3 4 5 6 |  6.8
Necromancy     | 1 2 3 4 5 6 |  6.8
Translocations | 1 2 3 4 5 6 |  6.8
Transmutations | 1 2 3 4 5 6 |  6.8
Fire Magic     | 1 2 3 4 5 6 |  6.8
Ice Magic      | 1 2 3 4 5 6 |  6.8
Air Magic      | 1 2 3 4 5 6 |  6.8
Earth Magic    | 1 2 3 4 5 6 |  6.8
Poison Magic   | 1 2 3 4 5 6 |  6.8
Dodging        | 3 4 5 6 7 8 |  8.7
Stealth        | 8 9 10 11 | 11.2
Fighting       | 5 6 7 8 9 |  9.5
Short Blades   | 5 6 7 8 9 |  9.5
Throwing       | 5 6 7 8 9 |  9.5

Action                   |  1- 3 |  4- 6 |  7- 9 | 10-12 | 13-15 || total
-------------------------+-------+-------+-------+-------+-------++-------
Melee: Dagger            |    83 |    14 |    14 |    44 |       ||   155
       Bite              |    11 |     5 |    28 |   120 |    11 ||   175
       Rapier            |       |    18 |    70 |     1 |       ||    89
       Scimitar          |       |       |    10 |       |       ||    10
       Long sword        |       |       |   117 |   415 |     6 ||   538
       Flail             |       |       |       |    25 |     8 ||    33
       Morningstar       |       |       |       |       |    42 ||    42
 Fire: Blowgun           |     2 |       |     9 |     5 |       ||    16
Throw: Tomahawk          |       |       |       |    11 |     1 ||    12
 Cast: Ozocubu's Armour  |       |       |       |     5 |     5 ||    10
       Summon Ice Beast  |       |       |       |    20 |     9 ||    29
       Throw Icicle      |       |       |       |    15 |    22 ||    37
Invok: Bend Time         |       |       |     1 |     4 |     6 ||    11
       Slouch            |       |       |       |     2 |     5 ||     7
       Temporal Distorti |       |       |       |     1 |       ||     1
Evoke: Wand              |       |       |     7 |    29 |    12 ||    48
       Staff of energy   |       |       |       |       |    65 ||    65
  Use: Scroll            |     1 |     4 |     6 |    12 |     4 ||    27
       Potion            |       |       |       |     4 |    14 ||    18
 Stab: Sleeping          |     8 |     6 |    11 |    32 |       ||    57
       Distracted        |       |       |       |     4 |       ||     4
  Eat: Chunk             |       |       |     3 |     5 |       ||     8
       Ration            |       |       |       |     2 |     2 ||     4
Armor: Robe              |    19 |     6 |       |       |       ||    25
       Troll leather arm |       |       |    54 |   152 |    49 ||   255
Dodge: Dodged            |    51 |    14 |    95 |   446 |    83 ||   689
Block: Buckler           |       |       |    46 |   187 |    39 ||   272
       Rpst.: Scimitar   |       |       |     1 |       |       ||     1
       Long sword        |       |       |    17 |    98 |     1 ||   116

Table legend:
 A = Spawn XP
 B = Non-spawn XP
 C = Spawn XP percentage of total XP
 D = Spawn monster count
 E = Non-spawn monster count
 F = Spawn count percentage of total count
 G = Total turns spent on level
                    A         B        C        D         E        F      G
               +---------+---------+-------+---------+---------+-------+---------
         Total |     911 |   43069 |   2.1 |       2 |     261 |   0.8 |  5280
               +---------+---------+-------+---------+---------+-------+---------
           D:1 |       0 |       8 |   0.0 |       0 |       5 |   0.0 |    95
           D:2 |       0 |      24 |   0.0 |       0 |       6 |   0.0 |   187
           D:3 |       0 |      33 |   0.0 |       0 |       6 |   0.0 |    92
           D:4 |       0 |     108 |   0.0 |       0 |       9 |   0.0 |   187
           D:5 |       0 |    1514 |   0.0 |       0 |      18 |   0.0 |   490
           D:7 |       0 |     493 |   0.0 |       0 |      13 |   0.0 |   302
           D:8 |       0 |     581 |   0.0 |       0 |       9 |   0.0 |   151
           D:9 |       0 |    2395 |   0.0 |       0 |      31 |   0.0 |   443
          D:10 |       0 |    2457 |   0.0 |       0 |      19 |   0.0 |   385
          D:11 |       0 |     351 |   0.0 |       0 |       5 |   0.0 |   249
          D:12 |       0 |    4721 |   0.0 |       0 |      39 |   0.0 |   509
          D:13 |       0 |     261 |   0.0 |       0 |       7 |   0.0 |    72
        Lair:1 |       0 |    3128 |   0.0 |       0 |      15 |   0.0 |   280
        Lair:2 |       0 |    4130 |   0.0 |       0 |      28 |   0.0 |   342
        Lair:3 |       0 |    4621 |   0.0 |       0 |      11 |   0.0 |   312
        Lair:4 |       0 |     159 |   0.0 |       0 |       1 |   0.0 |    18
      Shoals:1 |       0 |     688 |   0.0 |       0 |       3 |   0.0 |   151
      Shoals:2 |       0 |    4036 |   0.0 |       0 |       8 |   0.0 |   171
      Shoals:3 |       0 |    5389 |   0.0 |       0 |      12 |   0.0 |   192
      Shoals:4 |       0 |    1375 |   0.0 |       0 |       2 |   0.0 |    53
      Spider:1 |       0 |    2260 |   0.0 |       0 |       7 |   0.0 |   110
       Abyss:2 |     911 |    4337 |  17.4 |       2 |       7 |  22.2 |   355
               +---------+---------+-------+---------+---------+-------+---------

Table legend:
 A = Turns spent in this place as a percentage of turns spent in the entire game.
 B = Non-inter-level travel turns spent in this place as a percentage of non-inter-level travel turns spent in the entire game.
 C = Inter-level travel turns spent in this place as a percentage of turns spent in this place.
 D = Turns resting spent in this place as a percentage of non-inter-level travel turns spent in this place.
 E = Turns spent auto-exploring this place as a percentage of non-inter-level travel turns spent in this place.
 F = Non-inter-level travel turns spent in this place divided by the number of levels of this place that you've seen.
                   A       B       C       D       E      F
               +-------+-------+-------+-------+-------+----------------------
         Total | 100.0 | 100.0 |   0.2 |   0.0 |   0.0 | 219.6
       Dungeon |  60.4 |  60.3 |   0.3 |   0.0 |   0.0 | 244.5
        Temple |   2.0 |   2.0 |   0.0 |   0.0 |   0.0 | 107.0
          Lair |  18.0 |  18.1 |   0.0 |   0.0 |   0.0 | 238.0
        Shoals |  10.7 |  10.8 |   0.0 |   0.0 |   0.0 | 141.8
   Spider Nest |   2.1 |   2.1 |   0.0 |   0.0 |   0.0 | 110.0
         Abyss |   6.7 |   6.7 |   0.0 |   0.0 |   0.0 | 355.0
               +-------+-------+-------+-------+-------+----------------------

Table legend:
 A = Kills in this place as a percentage of kills in entire the game.
 B = Kills by you in this place as a percentage of kills by you in the entire game.
 C = Kills by friends in this place as a percentage of kills by friends in the entire game.
 D = Other kills in this place as a percentage of other kills in the entire game.
 E = Experience gained in this place as a percentage of experience gained in the entire game.
 F = Experience gained in this place divided by the number of levels of this place that you have seen.
                   A       B       C       D       E      F
               +-------+-------+-------+-------+-------+----------------------
         Total | 100.0 | 100.0 | 100.0 | 100.0 | 100.0 | 1832.5
       Dungeon |  63.5 |  65.4 |   0.0 | 100.0 |  29.4 | 995.8
          Lair |  20.9 |  20.5 |  37.5 |   0.0 |  27.4 | 3009.5
        Shoals |   9.5 |   7.9 |  62.5 |   0.0 |  26.1 | 2872.0
   Spider Nest |   2.7 |   2.8 |   0.0 |   0.0 |   5.1 | 2260.0
         Abyss |   3.4 |   3.5 |   0.0 |   0.0 |  11.9 | 5248.0
               +-------+-------+-------+-------+-------+----------------------

Vault maps used:
D:1:      dpeg_arrival_pond
D:2:      overflow_temple_1_default, minivault_23
D:3:      uniq_ijyb
D:4:      first_ration
D:5:      minmay_temple_entry_overgrown, uniq_menkaure, uniq_pikel
D:6:      grunt_temple_overflow_holy_war, gammafunk_temple_overflow_elements
D:9:      minmay_separated_statues, dancing_weapons_uskayaw,
          overflow_temple_1_default, lair_entry_dummy, serial_shops, shop,
          nicolae_shop_stone, hangedman_little_slice_of_home,
          uniq_prince_ribbit1
D:10:     minmay_crystal_water, minmay_misc_feat_room
D:12:     nooodl_glass_maze, orc_0_dummy, minmay_misc_feat_nine_boxes
D:13:     erik_vaults_1, special_room, minmay_misc_feat_hallway, glass_columns_a
Temple:   regret_index_temple_generic_petals
Lair:1:   infiniplex_staircase_pool_2, grunt_megastairs_4
Lair:2:   special_room, infiniplex_staircase_pool, grunt_megastairs_1
Lair:3:   elwin_shoals_entry_stream, spider_nest_entry_rubble,
          serial_bayou_shore_b, uniq_snorg, uniq_rupert, uniq_fannar
Lair:4:   serial_bayou_shore_a
Shoals:1: nicolae_shoals_c_island
Shoals:2: cheibrodos_shoals_roost, uniq_louise
Shoals:3: nicolae_shoals_island_circles
Shoals:4: shoals_end_hangedman, shoals_ilsuiw_ice, serial_shops,
          nicolae_shop_trees, uniq_ilsuiw, uniq_mara
